 Dungeon Sprint DCSS version 0.19.1 (webtiles) character file.

5318 yeeve the Warrior (level 10, -4/76 HPs)
             Began as a Kobold Berserker on Dec 21, 2016.
             Was a High Priest of Trog.
             Slain by a dire elephant (29 damage)
             ... in the Dungeon (Sprint IX: "|||||||||||||||||||||||||||||").
             The game lasted 00:07:20 (919 turns).

yeeve the Warrior (Kobold Berserker)                 Turns: 919, Time: 00:07:21

Health: -4/76      AC: 15    Str: 17    XL:     10   Next: 95%
Magic:  17/17      EV: 21    Int:  8    God:    Trog [*****.]
Gold:   0          SH:  0    Dex: 16    Spells: 0 memorised, 9 levels left

rFire  . . .     SeeInvis .     a - +2 rapier (speed)
rCold  . . .     Gourm    .     m - +0 scale mail
rNeg   . . .     Faith    .     (shield restricted)
rPois  .         Spirit   .     (no helmet)
rElec  .         Reflect  .     r - +1 cloak
rCorr  .         Harm     .     (no gloves)
MR     .....     NoTele   +     q - +1 pair of boots
Stlth  ++........               (no amulet)
                                t - +2 ring of evasion
                                s - +2 ring of protection

@: exhausted, slowed, very slow
A: carnivore 3
a: Berserk, Trog's Hand, Brothers in Arms, Burn Spellbooks, Renounce Religion


You were in the Dungeon.
You worshipped Trog.
Trog was extremely pleased with you.
You were full.

You visited 1 branch

Inventory:

Hand Weapons
 a - a +2 rapier of speed (weapon)
 b - a +3 arbalest of freezing
 w - a +4 short sword of flaming
 B - a +3 antimagic eveningstar
 C - a +1 falchion of slicing
Missiles
 l - 6 tomahawks of dispersal (quivered)
Armour
 m - a +0 scale mail (worn)
 q - a +1 pair of boots (worn)
 r - a +1 cloak (worn)
 u - a +0 plate armour
Jewellery
 s - a +2 ring of protection (left hand)
 t - a +2 ring of evasion (right hand)
Wands
 o - a wand of lightning (3/15)
Scrolls
 i - 2 scrolls of blinking
 n - 5 scrolls of remove curse
 v - a scroll of enchant armour
 x - a scroll of recharging
 y - a scroll of identify
 z - a scroll of fog
Potions
 c - a potion of might
 d - 6 potions of curing
 e - 3 potions of heal wounds
 f - 2 potions of haste
 g - 4 potions of magic
 h - 2 potions of berserk rage
 k - a potion of invisibility
 p - a potion of brilliance
Comestibles
 A - 13 chunks of flesh


   Skills:
 + Level 15.2 Fighting
 - Level 15.0 Short Blades
 + Level 10.2 Armour
 - Level 10.0 Dodging
 - Level 5.7 Stealth
 - Level 9.4 Evocations


You had 9 spell levels left.
You didn't know any spells.

Dungeon Overview and Level Annotations

Branches:
Dungeon (1/1)

Altars:
Cheibriados
Dithmenos
Elyvilon
Fedhas
Gozag
Hepliaklqana
Kikubaaqudgha
Makhleb
Nemelex Xobeh
Okawaru
Qazlal
Ru
Sif Muna
Trog
Uskayaw
Vehumet
Xom
Yredelemnul
Zin
The Shining One
Beogh
Jiyva
Lugonu


Innate Abilities, Weirdness & Mutations

You are small and have problems with some larger weapons.
You are carnivorous and can eat meat at any time.


Message History

The dire elephant tramples you!
You stumble backwards!
The dire elephant misses you.
The dire elephant trunk-slaps you but does no damage.
You puncture the dire elephant!
The dire elephant is almost dead.
You hit the dire elephant but do no damage.
The dire elephant is almost dead.
You hit the dire elephant but do no damage.
The dire elephant is almost dead.
The dire elephant tramples you!
You stumble backwards!
You hit the dire elephant.
The dire elephant is almost dead.
You hit the dire elephant but do no damage.
The dire elephant is almost dead.
Your scale mail prevents you from hitting the dire elephant.
The dire elephant is almost dead.
You hit the dire elephant but do no damage.
The dire elephant is almost dead.
The dire elephant tramples you!!
You die...

▓▓▓▓▓▓▓
▓.YK▓<▓
▓Y▓Y▓.▓
▓.▓.▓.▓
▓.▓.▓.▓
▓Y▓.▓(▓
▓.▓.▓.▓
▓.▓.▓.▓
▓'▓.▓.▓
▓.▓.▓.▓


You could see a dire elephant and 2 elephants.

Vanquished Creatures
  A dire elephant (D)
  A death yak (D)
  2 elephants (D)
  Psyche (D)
  A spiny frog (D)
  A komodo dragon (D)
  A slime creature (D)
  2 yaks (D)
  A porcupine (D)
  3 water moccasins (D)
  A sky beast (D)
  An orc warrior (D)
  2 ogres (D)
  A crocodile (D)
  A big kobold (D)
  A bullfrog (D)
  A jelly (D)
  An iguana (D)
  2 shadow imps (D)
  An ooze (D)
  An adder zombie (D)
  A dart slug (D)
  3 orcs (D)
  A ball python (D)
  A bat (D)
  A frilled lizard (D)
  A quokka zombie (D)
35 creatures vanquished.

Vanquished Creatures (collateral kills)
  A death yak (D)
  A black mamba (D)
  A hippogriff (D)
  A blink frog (D)
  A yak (D)
  A water moccasin (D)
  A porcupine (D)
  2 crocodiles (D)
9 creatures vanquished.

Grand Total: 44 creatures vanquished

Notes
Turn   | Place    | Note
-------+----------+-------------------------------------------
     0 | D        | yeeve the Kobold Berserker began the quest for the Orb.
     0 | D        | Reached XP level 1. HP: 14/14 MP: 1/1
     7 | D        | Reached ** piety under Trog
    10 | D        | Reached XP level 2. HP: 20/20 MP: 2/2
   162 | D        | Reached skill level 5 in Fighting
   169 | D        | Reached *** piety under Trog
   169 | D        | Reached skill level 5 in Dodging
   169 | D        | Reached XP level 3. HP: 22/26 MP: 3/3
   177 | D        | Reached skill level 5 in Short Blades
   178 | D        | Received a gift from Trog
   178 | D        | Reached XP level 4. HP: 32/32 MP: 4/4
   215 | D        | Found a roughly hewn altar of Beogh.
   215 | D        | Found a snail-covered altar of Cheibriados.
   215 | D        | Found a shadowy altar of Dithmenos.
   215 | D        | Found a white marble altar of Elyvilon.
   215 | D        | Found a blossoming altar of Fedhas.
   215 | D        | Found an opulent altar of Gozag.
   216 | D        | Found a hazy altar of Hepliaklqana.
   217 | D        | Found a viscous altar of Jiyva.
   218 | D        | Found an ancient bone altar of Kikubaaqudgha.
   219 | D        | Found a corrupted altar of Lugonu.
   220 | D        | Found a burning altar of Makhleb.
   221 | D        | Found a sparkling altar of Nemelex Xobeh.
   222 | D        | Found an iron altar of Okawaru.
   223 | D        | Found a stormy altar of Qazlal.
   224 | D        | Found a sacrificial altar of Ru.
   225 | D        | Found a deep blue altar of Sif Muna.
   226 | D        | Found a bloodstained altar of Trog.
   227 | D        | Found a hide-covered altar of Uskayaw.
   228 | D        | Found a radiant altar of Vehumet.
   229 | D        | Found a shimmering altar of Xom.
   230 | D        | Found a basalt altar of Yredelemnul.
   231 | D        | Found a glowing silver altar of Zin.
   232 | D        | Found a glowing golden altar of the Shining One.
   280 | D        | Noticed a yak
   280 | D        | Noticed an orc warrior
   280 | D        | Noticed an ogre
   293 | D        | Killed a yak
   293 | D        | Reached skill level 10 in Short Blades
   293 | D        | Reached XP level 5. HP: 29/38 MP: 5/5
   293 | D        | Reached XP level 6. HP: 34/44 MP: 6/6
   299 | D        | Reached **** piety under Trog
   302 | D        | Killed an orc warrior
   310 | D        | Killed an ogre
   310 | D        | Reached XP level 7. HP: 47/51 MP: 7/7
   361 | D        | Noticed a slime creature
   361 | D        | Noticed a yak
   375 | D        | Killed a slime creature
   375 | D        | Reached skill level 10 in Dodging
   383 | D        | Reached ***** piety under Trog
   397 | D        | Reached skill level 10 in Fighting
   397 | D        | Reached XP level 8. HP: 57/57 MP: 8/8
   409 | D        | Killed a yak
   471 | D        | Noticed Psyche
   485 | D        | Killed Psyche
   485 | D        | Received a gift from Trog
   485 | D        | Reached skill level 15 in Short Blades
   485 | D        | Reached skill level 5 in Armour
   615 | D        | Noticed a spiny frog
   615 | D        | Noticed a komodo dragon
   628 | D        | Killed a spiny frog
   628 | D        | Reached XP level 9. HP: 55/65 MP: 9/9
   629 | D        | Noticed a death yak
   643 | D        | Reached skill level 5 in Stealth
   658 | D        | Reached skill level 1 in Evocations
   675 | D        | Killed a komodo dragon
   697 | D        | Killed a death yak
   705 | D        | Reached XP level 10. HP: 69/73 MP: 11/15
   751 | D        | Noticed a death yak
   754 | D        | Received a gift from Trog
   760 | D        | Noticed a black mamba
   761 | D        | Killed a death yak
   763 | D        | Killed a black mamba
   765 | D        | Received a gift from Trog
   796 | D        | Noticed an elephant
   796 | D        | Noticed an elephant
   796 | D        | Noticed a dire elephant
   796 | D        | Noticed an elephant
   796 | D        | Noticed an elephant
   796 | D        | Noticed an elephant
   800 | D        | Noticed a dire elephant
   814 | D        | Killed an elephant
   834 | D        | Killed an elephant
   901 | D        | Killed a dire elephant
   901 | D        | Reached skill level 15 in Fighting
   901 | D        | Reached skill level 10 in Armour
   919 | D        | Slain by a dire elephant

Skill      XL: |  1  2  3  4  5  6  7  8  9 10 |
---------------+-------------------------------+-----
Dodging        | 4 5 7 9 10 | 10.0
Fighting       | 4 5 7 9 10 11 13 15 | 15.2
Short Blades   | 5 10 12 14 15 | 15.0
Armour         | 3 5 7 10 | 10.2
Stealth        | 4 5 |  5.7
Evocations     | 6 9 |  9.4

Action                   |  1- 3 |  4- 6 |  7- 9 | 10-12 || total
-------------------------+-------+-------+-------+-------++-------
Melee: Short sword       |    27 |     3 |       |       ||    30
       Rapier            |       |    24 |   140 |    91 ||   255
Throw: Tomahawk          |       |       |       |     2 ||     2
Invok: Berserk           |     2 |     1 |     1 |     1 ||     5
       Trog's Hand       |       |     1 |     4 |     1 ||     6
       Brothers in Arms  |       |       |       |     3 ||     3
Evoke: Wand              |       |       |       |     4 ||     4
  Use: Scroll            |       |       |     2 |       ||     2
  Eat: Chunk             |     1 |     5 |     3 |     4 ||    13
       Meat ration       |       |       |     1 |       ||     1
Armor: Scale mail        |       |     1 |    16 |    15 ||    32
Dodge: Dodged            |    15 |    10 |    36 |    38 ||    99
